 Dungeon Crawl Stone Soup version 0.20.0-1-g1cb1d84 (webtiles) character file.

196 Gorglomux the Vexing (level 5, -1/31 HPs)
             Began as a Deep Elf Arcane Marksman on May 27, 2017.
             Slain by an orc
             ... wielding a +0 dagger
              (7 damage)
             ... on level 3 of the Dungeon.
             The game lasted 00:07:29 (5231 turns).

Gorglomux the Vexing (Deep Elf Arcane Marksman)     Turns: 5231, Time: 00:07:30

Health: -1/31      AC:  2    Str:  7    XL:     5   Next: 45%
Magic:  8/11       EV: 14    Int: 18    God:
Gold:   121        SH:  0    Dex: 16    Spells: 4/9 levels left

rFire    . . .     SeeInvis .   b - +0 dagger
rCold    . . .     Gourm    .   (no shield)
rNeg     . . .     Faith    .   e - +0 robe
rPois    .         Spirit   .   (no helmet)
rElec    .         Reflect  .   (no cloak)
rCorr    .         Harm     .   (no gloves)
MR       .....                  (no boots)
Stlth    +.........             v - amulet of magic regeneration
Regen    0.1/turn               (no ring)
MPRegen  0.2/turn               (no ring)

@: no status effects
A: no striking features
a: no special abilities


You were on level 3 of the Dungeon.
You were hungry.

You visited 1 branch of the dungeon, and saw 3 of its levels.

You collected 121 gold pieces.

Inventory:

Hand Weapons
 a - a +0 shortbow
 b - a +0 dagger (weapon)
Missiles
 d - 4 arrows
Armour
 e - a +0 robe (worn)
Jewellery
 v - an amulet of magic regeneration (around neck)
Scrolls
 h - a scroll of fear {unknown}
 j - a scroll of remove curse {unknown}
 l - 2 scrolls of enchant armour {unknown}
 m - a scroll of fog {unknown}
 o - 2 scrolls of recharging {unknown}
 q - a scroll of immolation {unknown}
 r - 2 scrolls of identify {unknown}
Potions
 n - a potion of haste {unknown}
 t - a potion of mutation {unknown}
 u - 2 potions of might {unknown}
Books
 c - a book of Debilitation

   Spells                             Type                      Level
   a - Corona                         Hexes                        1
   b - Slow                           Hexes                        2
   c - Inner Flame                    Hexes/Fire                   3
   d - Portal Projectile              Hexes/Translocation          3
   e - Cause Fear                     Hexes                        4
   f - Leda's Liquefaction            Hexes/Earth                  4
Comestibles
 f - a bread ration


   Skills:
 + Level 2.5 Fighting
 + Level 3.1 Bows
 - Level 1.1 Throwing
 + Level 4.0 Dodging
 + Level 2.7 Spellcasting
 + Level 4.5 Hexes


You had 4 spell levels left.
You knew the following spells:

 Your Spells              Type           Power        Failure   Level  Hunger
a - Corona                Hex            ###....      2%          1    None
b - Cause Fear            Hex            ###.......   26%         4    ####...


Dungeon Overview and Level Annotations

Branches:
Dungeon (3/15)

Altars:


Message History

You hit the orc but do no damage.
The orc is heavily wounded.
The orc hits you but does no damage.
You hit the orc.
The orc is heavily wounded.
The orc hits you with a dagger.
* * * LOW HITPOINT WARNING * * *
You hit the orc but do no damage.
The orc is heavily wounded.
The orc stops glowing.
The orc closely misses you.
You hit the orc.
The orc is severely wounded.
The orc barely misses you.
Casting: Corona
Confirm with . or Enter, or press ? or * to list all spells.
Aiming: Corona
Press: ? - help, Shift-Dir - straight line, f/p - orc
Aim: an orc, wielding a dagger and wearing a scale mail (severely wounded, chance to defeat MR: 73%)
The orc is outlined in light.
The orc hits you with a dagger!
You die...

#.#######.# #.# #.# #.# ###.#####
# #.#####.......#
#.######.............#
##......#.#####.......#
..###...)...........>.#
#.##.....o#####.......#
#.##.....)...o@.......#
#.##......#####.......#########
###.###.....#######..####...##...
.....>........)((............#.##
##..#####..########...##.........
....## #..# ###.#.##.......(.
#...># #..# ##..÷#.###....#.##
##.#.# #..#####.###..# #.##.#.#
###.# #...÷.)).# #..# #.##.#.#


You could see 2 orcs.

Vanquished Creatures
  An orc priest (D:3)
  A gnoll (D:1)
  7 adders
  2 oozes (D:2)
  A worm (D:2)
  2 dart slugs (D:1)
  3 leopard geckos
  5 orcs (D:3)
  A ball python (D:3)
  3 giant cockroaches
  5 goblins
  5 hobgoblins
  9 jackals
  6 bats
  5 frilled lizards
  6 kobolds
  7 rats
69 creatures vanquished.

Notes
Turn   | Place    | Note
-------+----------+-------------------------------------------
     0 | D:1      | Gorglomux the Deep Elf Arcane Marksman began the quest for the Orb.
     0 | D:1      | Reached XP level 1. HP: 11/11 MP: 5/5
   258 | D:1      | Reached skill level 1 in Fighting
   271 | D:1      | Reached XP level 2. HP: 8/16 MP: 4/7
  1045 | D:1      | Reached skill level 1 in Throwing
  1047 | D:1      | Reached XP level 3. HP: 14/20 MP: 6/8
  1367 | D:1      | Reached skill level 3 in Dodging
  1939 | D:2      | Reached XP level 4. HP: 7/26 MP: 7/9
  2261 | D:2      | Learned a level 4 spell: Cause Fear
  4398 | D:3      | Reached XP level 5. HP: 17/31 MP: 10/10
  5214 | D:3      | Reached skill level 3 in Bows
  5231 | D:3      | Slain by an orc

Skill      XL: |  1  2  3  4  5 |
---------------+----------------+-----
Spellcasting   | 2 |  2.7
Fighting       | 1 2 |  2.5
Throwing       | 1 |  1.1
Dodging        | 3 4 |  4.0
Bows           | 3 |  3.1
Hexes          | |  4.5

Action                   |  1- 3 |  4- 6 || total
-------------------------+-------+-------++-------
Melee: Unarmed           |     1 |    53 ||    54
       Dagger            |       |   145 ||   145
 Fire: Shortbow          |   129 |    80 ||   209
 Cast: Corona            |    18 |    30 ||    48
       Cause Fear        |       |     4 ||     4
  Use: Potion            |       |     1 ||     1
  Eat: Chunk             |     3 |    11 ||    14
Armor: Robe              |    23 |    48 ||    71
Dodge: Dodged            |    75 |   206 ||   281
